 Dungeon Crawl Stone Soup version 0.28.0-53-g5a82cb258f (webtiles) character file.

Game seed: 14375828453338374530

18 gobodom the Magician (level 2, 0/17 HPs)
             Began as an Octopode Hedge Wizard on June 21, 2022.
             Slain by an adder (4 damage)
             ... on level 2 of the Dungeon.
             The game lasted 00:03:30 (1259 turns).

gobodom the Magician (Octopode Hedge Wizard)        Turns: 1259, Time: 00:03:32

Health: 0/17       AC:  1    Str:  9    XL:     2   Next: 66%
Magic:  3/6        EV: 13    Int: 16    God:
Gold:   46         SH:  0    Dex: 11    Spells: 5/8 levels left

rFire   . . .      SeeInvis .   a - +0 dagger
rCold   . . .      Faith    .   (no shield)
rNeg    . . .      Spirit   .   b - +0 hat
rPois   .          Reflect  .   (no amulet)
rElec   .          Harm     .   f - ring of wizardry
rCorr   .          Rampage  .   (no ring)
Will    .....                   (no ring)
Stlth   +++.......              (no ring)
HPRegen 0.05/turn               (no ring)
MPRegen 0.10/turn               (no ring)
                                (no ring)
                                (no ring)

@: lethally poisoned (0 -> -2)
A: almost no armour, amphibious, 8 rings, camouflage 1, gelatinous body 1,
(nimble swimmer 1), tentacles
a: no special abilities


You were on level 2 of the Dungeon.
You visited 1 branch of the dungeon, and saw 2 of its levels.

You collected 46 gold pieces.

Inventory:

Hand Weapons
 a - a +0 dagger (weapon)
Armour
 b - a +0 hat (worn)
Jewellery
 f - a ring of wizardry (left tentacle)
 h - a +4 ring of evasion
Scrolls
 d - a scroll of identify {unknown}
 e - a scroll of brand weapon {unknown}
 g - 2 scrolls of immolation {unknown}
 i - a scroll of vulnerability {unknown}
Potions
 c - a potion of curing {unknown}


   Skills:
 + Level 2.1 Dodging
 + Level 2.9 Stealth
 + Level 3.5 Spellcasting
 + Level 1.0 Conjurations
 + Level 1.0 Summonings
 + Level 1.0 Translocations


You had 5 spell levels left.
You knew the following spells:

 Your Spells              Type           Power      Damage    Failure   Level
a - Magic Dart            Conj           24%        1d4       4%          1
b - Call Imp              Summ           6%         N/A       8%          2

Your spell library contained the following spells:

 Spells                   Type           Power      Damage    Failure   Level
 Summon Small Mammal      Summ           24%        N/A       4%          1
 Slow                     Hex            8%         N/A       8%          1
 Blink                    Tloc           12%        N/A       8%          2
 Call Canine Familiar     Summ           6%         N/A       14%         3
 Conjure Flame            Conj/Fire      4%         6-21      16%         3
 Mephitic Cloud           Conj/Pois/Air  4%         N/A       17%         3
 Summon Guardian Golem    Hex/Summ       4%         N/A       17%         3


Dungeon Overview and Level Annotations

Branches:
Dungeon (2/15)

Altars:


Innate Abilities, Weirdness & Mutations

You cannot wear most types of armour.
You are amphibious.
You can wear up to eight rings at the same time.
Your skin changes colour to match your surroundings (Stealth+).
Your rubbery body absorbs attacks. (AC +1, EV +1)
((You are camouflaged when in or above water. (Stealth+)))
You have tentacles for arms and can constrict up to eight enemies at once.


Message History

An adder comes into view.
The adder hisses angrily.
An adder is nearby!
The adder bites you.
You miss the adder. Your grab misses the adder. The adder closely misses you.
The adder bites you.
You miss the adder. Your grab misses the adder. The adder bites you.
You are poisoned.
The adder poisons you!
You barely miss the adder. Your grab misses the adder.
Your squeeze misses the adder.
You feel sick. The adder closely misses you.
You are too injured to fight recklessly!
You feel sick. The adder barely misses you.
You are too injured to fight recklessly!
You are too injured to fight recklessly!
Casting: Magic Dart (safe; 4% risk of failure)
Confirm with . or Enter, or press ? or * to list all spells.
Aiming: Magic Dart (safe; 4% risk of failure)
Press: ? - help, Shift-Dir - straight line, f - adder
Aim: an adder (100% to hit)
The magic dart hits the adder.
The adder is lightly wounded.
You feel sick. The adder closely misses you.
Casting: Magic Dart (safe; 4% risk of failure)
Confirm with . or Enter, or press ? or * to list all spells.
Aiming: Magic Dart (safe; 4% risk of failure)
Press: ? - help, Shift-Dir - straight line, f/p - adder
Aim: an adder (lightly wounded, 100% to hit)
The magic dart hits the adder.
The adder is moderately wounded.
You feel sick. The adder misses you.
Casting: Magic Dart (safe; 4% risk of failure)
Confirm with . or Enter, or press ? or * to list all spells.
Aiming: Magic Dart (safe; 4% risk of failure)
Press: ? - help, Shift-Dir - straight line, f/p - adder
Aim: an adder (moderately wounded, 100% to hit)
The magic dart hits the adder but does no damage.
The adder is moderately wounded.
You feel sick. The adder closely misses you. The adder bites you.
You die...

###.. ######### ##. #..
#.......# #### #.. ....
#.#####.# #...##.# ##.##
##.#####.##..#..#.####.
#.....##.#..###.....##.#
#..##.##.#...#....#.##.#
#..##.##.#.#...#..#.##.#
#.......@S....##.......#
#.########.#####.##.##.##
#.## #.........##......
#..# #......##.##.##.##
##.# #..>.........)..#.
#.# #......##.##.##...
#.# #......##.......#.
#.# #......####..#####
#.#####......# #.......


You could see an adder.

Vanquished Creatures
  3 ball pythons
  3 goblins
  3 jackals (D:1)
  2 kobolds (D:1)
  A bat (D:1)
  2 frilled lizards (D:2)
  A rat (D:1)
15 creatures vanquished.

Vanquished Creatures (collateral kills)
  A goblin (D:2)
1 creature vanquished.

Vanquished Creatures (others)
  4 toadstools (D:1)
4 creatures vanquished.

Grand Total: 20 creatures vanquished

Notes
Turn   | Place    | Note
-------+----------+-------------------------------------------
     0 | D:1      | gobodom the Octopode Hedge Wizard began the quest for the
                  | Orb.
     0 | D:1      | Reached XP level 1. HP: 11/11 MP: 4/4
   441 | D:1      | Reached XP level 2. HP: 17/17 MP: 4/6
   923 | D:2      | Learned a level 2 spell: Call Imp
  1259 | D:2      | Slain by an adder

Illustrated notes

Levels and vault maps discovered:
D:1:      ldierk_walled_garden_2, layout_basic, kennysheep_pointless_box
D:2:      layout_loops_cross, chequers_ecumenical_altar_simple

Action                   || total
-------------------------++-------
Melee: Dagger            ||    12
       Tentacles         ||     4
       Constrict         ||     3
 Cast: Magic Dart        ||    26
       Call Imp          ||     2
 Stab: Sleeping          ||     1
Dodge: Dodged            ||    14
